 Dungeon Crawl Stone Soup version 0.20-a0-502-g555d78b (webtiles) character file.

1530 Ijustatesigmund the Sneak (level 8, -3/39 HPs)
             Began as a Spriggan Enchanter on Jan 20, 2017.
             Was a Believer of Okawaru.
             Killed from afar by an orc wizard (5 damage)
             ... with a magic dart
             ... on level 6 of the Dungeon.
             The game lasted 00:51:56 (10635 turns).

Ijustatesigmund the Sneak (Spriggan Enchanter)     Turns: 10635, Time: 00:51:57

Health: -3/39      AC:  3    Str:  4      XL:     8   Next: 55%
Magic:  10/19      EV: 24    Int: 17      God:    Okawaru [**....]
Gold:   106        SH:  4    Dex: 22 (23) Spells: 12/21 levels left

rFire    . . .     SeeInvis +   p - +3 dagger (flame)
rCold    . . .     Gourm    .   A - +1 robe {MR+}
rNeg     . . .     Faith    .   (shield restricted)
rPois    +         Spirit   .   (helmet restricted)
rElec    .         Reflect  +   (no cloak)
rCorr    .         Harm     .   (gloves unavailable)
MR       +++..                  (boots unavailable)
Stlth    +++++.....             e - +4 amulet of reflection
Regen    0.2/turn               h - ring of protection from magic
                                g - ring of poison resistance

@: agile, very quick
A: unfitting armour, see invisible, herbivore 3, speed 3, slow metabolism 2
a: Heroism, Renounce Religion


You were on level 6 of the Dungeon.
You worshipped Okawaru.
Okawaru was pleased with you.
You were not hungry.

You visited 1 branch of the dungeon, and saw 6 of its levels.

You collected 273 gold pieces.
You spent 167 gold pieces at shops.

Inventory:

Hand Weapons
 a - a +1 dagger
 k - a +0 hunting sling of velocity
 m - a +0 short sword
 p - a +3 dagger of flaming (weapon)
Missiles
 u - 4 tomahawks
 y - a throwing net
 z - 3 steel tomahawks (quivered)
Armour
 A - a +1 robe of magic resistance (worn)
Jewellery
 e - a +4 amulet of reflection (around neck)
 g - a ring of poison resistance (left hand)
 h - a ring of protection from magic (right hand)
 t - an uncursed amulet of harm {unknown}
 x - an uncursed ring of resist corrosion
Wands
 q - a wand of confusion (0/48)
Scrolls
 b - a scroll of enchant armour {unknown}
Potions
 f - a potion of magic
 i - 3 potions of lignification
 j - 3 potions of cancellation
 l - a potion of heal wounds {unknown}
 n - a potion of resistance {unknown}
 o - a potion of flight {unknown}
 w - a potion of berserk rage {unknown}
Books
 c - a book of Maledictions

   Spells                             Type                      Level
   a - Corona                         Hexes                        1
   b - Ensorcelled Hibernation        Hexes/Ice                    2
   c - Confuse                        Hexes                        3
   d - Tukima's Dance                 Hexes                        3
   e - Dazzling Spray                 Conjuration/Hexes            3
Comestibles
 d - 6 bread rations
 r - a fruit


   Skills:
 + Level 1.9 Fighting
 - Level 4.5 Short Blades
 - Level 3.0 Dodging
 - Level 7.4 Stealth
 + Level 7.2 Spellcasting
 - Level 5.5 Hexes
 - Level 3.3 Ice Magic
 + Level 3.3 Invocations


You had 12 spell levels left.
You knew the following spells:

 Your Spells              Type           Power        Failure   Level  Hunger
a - Corona                Hex            ###....      1%          1    None
b - Ensorcelled Hibernat  Hex/Ice        ###...       2%          2    None
c - Confuse               Hex            ###.....     4%          3    ##.....
d - Dazzling Spray        Conj/Hex       ###...       12%         3    ##.....


Dungeon Overview and Level Annotations

Branches:
Dungeon (6/15)             Temple (0/1) D:4

Altars:
Ashenzari
Dithmenos
Fedhas
Okawaru
Trog

Shops:
D:5 [

Annotations:
D:2 Edmund
D:3 Grinder
D:4 Sar's ghost, amateur BaIE


Innate Abilities, Weirdness & Mutations

You are very small and have problems with some larger weapons.
You are too small for most types of armour.
You have supernaturally acute eyesight. (SInv)
You are a herbivore.
You cover ground extremely quickly.
You need consume almost no food.


Message History

The orc wizard hits you with a dagger.
* * * LOW HITPOINT WARNING * * *
You block the orc's attack.
Okay, then.
You feel better. The orc wizard hits you with a dagger.
* * * LOW HITPOINT WARNING * * *
The orc wizard misses you. The orc barely misses you.
It was a potion of agility.
You feel agile all of a sudden. The orc wizard barely misses you.
The orc misses you.
The orc wizard looks encouraged for a moment.
The orc wizard stops glowing.
The orc wizard casts a cantrip, but nothing happens.
The orc wizard gestures at you while chanting.
The puff of flame hits you!
* * * LOW HITPOINT WARNING * * *
The orc wizard looks braver for a moment.
The orc wizard gestures at you while chanting.
The magic dart hits you!
You die...

#.#######)_.#####
#.......'...#)...
#.......######...
#....o.##.#..##..
#....o##..#...##.
#....##...#....##
##...##....#.....#
#...##.....#......
#@###......#......
#..#.#.#.#####.#..
#.#....))#####....
#.##.#.##.....##..
#.##.#.##.....##..
#......##.....##(.
####.####<....>...
#.....)##.....#!..
#.##.#)##.....#.##


You could see an orc wizard and an orc.

Vanquished Creatures
  Sigmund (D:6)
  An ice beast (D:6)
  A sky beast (D:6)
  A centaur (D:6)
  2 bullfrogs (D:6)
  3 howler monkeys
  A crimson imp (D:6)
  5 hounds
  2 jellies (D:6)
  An orc priest (D:6)
  A centaur skeleton (D:5)
  4 orc wizards
  4 worker ants
  14 gnolls
  8 adders
  2 shadow imps (D:5)
  3 oozes
  An adder skeleton (D:4)
  4 worms
  2 dart slugs
  3 leopard geckos
  22 orcs
  8 bats
  3 giant cockroaches
  14 goblins
  6 hobgoblins
  2 jackals (D:3)
  2 quokkas
  2 ball pythons
  6 frilled lizards
  7 kobolds
  8 rats
144 creatures vanquished.

Notes
Turn   | Place    | Note
-------+----------+-------------------------------------------
     0 | D:1      | Ijustatesigmund the Spriggan Enchanter began the quest for the Orb.
     0 | D:1      | Reached XP level 1. HP: 9/9 MP: 5/5
   245 | D:2      | Reached XP level 2. HP: 13/13 MP: 6/6
   296 | D:1      | Reached skill level 5 in Stealth
   342 | D:1      | Learned a level 2 spell: Ensorcelled Hibernation
   941 | D:1      | Reached XP level 3. HP: 16/16 MP: 8/8
  1005 | D:2      | Found a shadowy altar of Dithmenos.
  1007 | D:2      | Found an iron altar of Okawaru.
  1818 | D:2      | Became a worshipper of Warmaster Okawaru
  2050 | D:2      | Learned a level 3 spell: Confuse
  2060 | D:2      | Found a faded altar of an unknown god.
  2334 | D:2      | Found a blossoming altar of Fedhas.
  3013 | D:3      | Reached XP level 4. HP: 8/21 MP: 7/10
  3469 | D:3      | Reached skill level 1 in Fighting
  3547 | D:3      | Noticed Grinder
  4018 | D:2      | Reached skill level 1 in Invocations
  4263 | D:2      | Reached XP level 5. HP: 25/25 MP: 10/12
  5244 | D:4      | Found a staircase to the Ecumenical Temple.
  5244 | D:4      | Noticed Edmund
  5301 | D:4      | Noticed Sar's ghost (amateur BaIE)
  5352 | D:5      | Entered Level 5 of the Dungeon
  5571 | D:4      | Reached skill level 5 in Hexes
  5728 | D:5      | Reached XP level 6. HP: 30/30 MP: 14/14
  5759 | D:6      | Reached * piety under Okawaru
  5759 | D:6      | Reached skill level 5 in Spellcasting
  7214 | D:3      | Noticed a moth of wrath
  7350 | D:3      | Found a bloodstained altar of Trog.
  7987 | D:6      | Noticed an ice beast
  7989 | D:6      | Killed an ice beast
  7989 | D:6      | Reached XP level 7. HP: 33/33 MP: 15/15
  7994 | D:6      | Learned a level 3 spell: Dazzling Spray
  8079 | D:6      | Reached skill level 1 in Ice Magic
  8306 | D:6      | Found a shattered altar of Ashenzari.
  8572 | D:5      | Found Figok's Antique Armour Boutique.
  8580 | D:5      | Bought a glowing robe for 167 gold pieces
  8728 | D:5      | Reached ** piety under Okawaru
  9747 | D:5      | Reached XP level 8. HP: 30/37 MP: 15/17
  9929 | D:6      | Noticed Sigmund
  9976 | D:6      | Killed Sigmund
 10635 | D:6      | Killed from afar by an orc wizard

Vault maps used:
D:1:      dpeg_arrival_radiant
D:2:      nicolae_overflow_crystal_walls, grunt_temple_overflow_open,
          chequers_ecumenical_altar_simple_redux
D:3:      corexii_shack_village, tgw_trog, minmay_ruptured, uniq_grinder
D:4:      uniq_edmund
D:5:      serial_shops, shop, first_bread
D:6:      nicolae_ashenzari_panopticon, uniq_sigmund

Skill      XL: |  1  2  3  4  5  6  7  8 |
---------------+-------------------------+-----
Short Blades   | 2 3 4 |  4.5
Stealth        | 5 6 7 |  7.4
Spellcasting   | 3 4 5 7 |  7.2
Fighting       | 1 |  1.9
Hexes          | 4 5 |  5.5
Invocations    | 1 2 3 |  3.3
Ice Magic      | 2 3 |  3.3
Dodging        | |  3.0

Action                   |  1- 3 |  4- 6 |  7- 9 || total
-------------------------+-------+-------+-------++-------
Melee: Dagger            |   145 |   260 |   236 ||   641
       Punch             |       |     1 |     1 ||     2
Throw: Throwing net      |       |     3 |       ||     3
       Tomahawk          |       |       |    12 ||    12
 Cast: Corona            |    19 |    59 |    25 ||   103
       Ensorcelled Hiber |       |       |    25 ||    25
Invok: Heroism           |       |     1 |     6 ||     7
Evoke: Wand              |       |    11 |       ||    11
  Use: Scroll            |     4 |     3 |     3 ||    10
       Potion            |     1 |       |     3 ||     4
 Stab: Sleeping          |    18 |    13 |    21 ||    52
       Confused          |       |     3 |       ||     3
       Held in net/web   |       |     1 |       ||     1
  Eat: Fruit             |       |     4 |     4 ||     8
Armor: Robe              |    11 |    14 |     6 ||    31
Dodge: Dodged            |    95 |   242 |   125 ||   462
Block: Other             |    14 |    39 |    29 ||    82
       Reflection        |       |     3 |       ||     3
